| TOP OF THE 1ST |
|
Boston (APP) Red Sox batting - Pitching for Oakland (APP) Athletics : RHP Bill McAskill
|
|
Pitching: RHP Bill McAskill
|
|
|
Batting: RHB Kirk Cully
|
0-0: Called Strike 0-1: Called Strike 0-2: Ball 1-2: Fly out, F9 (Flyball, 9S, EV 91.2 MPH)
|
|
Batting: RHB Estevan Carrillo
|
0-0: Called Strike 0-1: Ball 1-1: Called Strike 1-2: Foul Ball, location: 2F 1-2: Foul Ball, location: 2F 1-2: Ball 2-2: Strikes out swinging, 2-3 out at first.
|
|
Batting: SHB Arihito Hiramoto
|
0-0: Ball 1-0: Ball 2-0: Ball 3-0: Base on Balls
|
|
Batting: SHB Jose Santiago
|
0-0: Ball 1-0: Swinging Strike 1-1: Foul Ball, location: 2F 1-2: Ball 2-2: Strikes out looking
|
| Top of the 1st over - 0 runs, 0 hits, 0 errors, 1 left on base; Boston (APP) 0 - Oakland (APP) 0 |
| BOTTOM OF THE 1ST |
|
Oakland (APP) Athletics batting - Pitching for Boston (APP) Red Sox : RHP Jim Horwood
|
|
Pitching: RHP Jim Horwood
|
|
|
Batting: RHB Nathaniel Adderley
|
0-0: Ball 1-0: Swinging Strike 1-1: Foul Ball, location: 2F 1-2: Ground out 6-3 (Groundball, 6, EV 97.5 MPH)
|
|
Batting: RHB Gabe Secundino
|
0-0: Ground out U3 (Groundball, 34, EV 110.0 MPH)
|
|
Batting: RHB Phoctor Dill
|
0-0: Fly out, F3 (Popup, 3L, EV 70.6 MPH)
|
| Bottom of the 1st over - 0 runs, 0 hits, 0 errors, 0 left on base; Boston (APP) 0 - Oakland (APP) 0 |
| TOP OF THE 2ND |
|
Boston (APP) Red Sox batting - Pitching for Oakland (APP) Athletics : RHP Bill McAskill
|
|
Batting: RHB Wayne Whimster
|
0-0: SINGLE (Groundball, 25, EV 61.2 MPH) (infield hit)
|
|
Batting: RHB Ryan Davis
|
0-0: Called Strike 0-1: Ball 1-1: Hit by Pitch Wayne Whimster to second
|
|
Batting: LHB Kenny Jackson
|
0-0: Ball 1-0: SINGLE (Groundball, 6MD, EV 96.2 MPH) Wayne Whimster to third Ryan Davis to second
|
|
Batting: RHB Luis Nino
|
0-0: Ball Passed Ball! Wayne Whimster scores Ryan Davis to third Kenny Jackson to second 1-0: Ball 2-0: Called Strike 2-1: Foul Ball, location: 2F 2-2: Strikes out swinging
|
|
Batting: RHB Panam Palmer
|
0-0: Ball 1-0: Ground out 4-3 (Groundball, 4, EV 86.9 MPH) Ryan Davis scores Kenny Jackson to third
|
|
Batting: RHB Kirk Cully
|
0-0: Ball Wild Pitch! Kenny Jackson scores 1-0: Ball 2-0: Ball 3-0: Called Strike 3-1: Fly out, F9 (Line Drive, 9, EV 96.2 MPH)
|
| Top of the 2nd over - 3 runs, 2 hits, 0 errors, 0 left on base; Boston (APP) 3 - Oakland (APP) 0 |
| BOTTOM OF THE 2ND |
|
Oakland (APP) Athletics batting - Pitching for Boston (APP) Red Sox : RHP Jim Horwood
|
|
Batting: RHB Pete Goerge
|
0-0: Ball 1-0: Called Strike 1-1: Ball 2-1: Foul Ball, location: 2F 2-2: Ground out 6-3 (Groundball, 6M, EV 80.0 MPH)
|
|
Batting: LHB Ben Landry
|
0-0: Ground out U3 (Groundball, 3, EV 86.2 MPH)
|
|
Batting: SHB Raul Herrera
|
0-0: Ground out 6-3 (Groundball, 6, EV 90.0 MPH)
|
| Bottom of the 2nd over - 0 runs, 0 hits, 0 errors, 0 left on base; Boston (APP) 3 - Oakland (APP) 0 |
| TOP OF THE 3RD |
|
Boston (APP) Red Sox batting - Pitching for Oakland (APP) Athletics : RHP Bill McAskill
|
|
Batting: RHB Estevan Carrillo
|
0-0: Called Strike 0-1: Ground out 6-3 (Groundball, 6, EV 78.8 MPH)
|
|
Batting: SHB Arihito Hiramoto
|
0-0: Ball 1-0: Ball 2-0: Foul Ball, location: 2F 2-1: Ball 3-1: Reached on error, E4 (Groundball, 34, EV 100.6 MPH)
|
|
Batting: SHB Jose Santiago
|
0-0: Ball 1-0: Called Strike 1-1: Swinging Strike 1-2: Ball 2-2: Foul Ball, location: 2F 2-2: Ball 3-2: Foul Ball, location: 2F 3-2: Base on Balls Arihito Hiramoto to second
|
|
Batting: RHB Wayne Whimster
|
0-0: Ball 1-0: Foul Ball, location: 2F 1-1: Called Strike 1-2: Ball 2-2: Strikes out swinging
|
|
Batting: RHB Ryan Davis
|
0-0: Swinging Strike 0-1: Called Strike 0-2: Ball 1-2: Foul Ball, location: 2F 1-2: Strikes out swinging
|
| Top of the 3rd over - 0 runs, 0 hits, 1 error, 2 left on base; Boston (APP) 3 - Oakland (APP) 0 |
| BOTTOM OF THE 3RD |
|
Oakland (APP) Athletics batting - Pitching for Boston (APP) Red Sox : RHP Jim Horwood
|
|
Batting: LHB Diego Vega
|
0-0: Ball 1-0: Ball 2-0: Ball 3-0: Base on Balls
|
|
Batting: LHB Bryan Hodensack
|
0-0: Reached on error, E4 (Groundball, 4, EV 106.2 MPH) Diego Vega to second
|
|
Batting: RHB Dave Villarreal
|
0-0: Foul Ball, location: 2F 0-1: Ball 1-1: Ball 2-1: Ball 3-1: Called Strike 3-2: Fly out, F8 (Flyball, 89M, EV 86.9 MPH)
|
|
Batting: RHB Nathaniel Adderley
|
0-0: Ball 1-0: Foul Ball, location: 2F 1-1: Ball 2-1: Reached on error, E4 (Groundball, 4M, EV 104.4 MPH) Diego Vega to third Bryan Hodensack to second
|
|
Batting: RHB Gabe Secundino
|
0-0: Ball 1-0: Swinging Strike 1-1: Fielders Choice at 2nd, 6-4 (Groundball, 6, EV 106.2 MPH) Diego Vega scores Bryan Hodensack to third
|
|
Batting: RHB Phoctor Dill
|
0-0: Fly out, F8 (Flyball, 8LM, EV 91.9 MPH)
|
| Bottom of the 3rd over - 1 run, 0 hits, 2 errors, 2 left on base; Boston (APP) 3 - Oakland (APP) 1 |
| TOP OF THE 4TH |
|
Boston (APP) Red Sox batting - Pitching for Oakland (APP) Athletics : RHP Bill McAskill
|
|
Batting: LHB Kenny Jackson
|
0-0: Called Strike 0-1: Ball 1-1: Called Strike 1-2: Ball 2-2: Ball 3-2: SINGLE (Groundball, 4D, EV 99.4 MPH)
|
|
Batting: RHB Luis Nino
|
0-0: Called Strike 0-1: Swinging Strike 0-2: Strikes out swinging
|
|
Batting: RHB Panam Palmer
|
0-0: 2-RUN HOME RUN (Flyball, 7LD, EV 97.5 MPH), Distance : 359 ft
|
|
Pitching: RHP Quincy Potvin
|
|
|
Batting: RHB Kirk Cully
|
0-0: Called Strike 0-1: Foul Ball, location: 2F 0-2: SINGLE (Groundball, 6MD, EV 103.8 MPH)
|
|
Batting: RHB Estevan Carrillo
|
0-0: Foul Ball, location: 2F 0-1: Ball 1-1: Foul Ball, location: 2F 1-2: Ball 2-2: Foul Ball, location: 2F 2-2: Strikes out swinging
|
|
Batting: SHB Arihito Hiramoto
|
0-0: Foul Ball, location: 2F 0-1: Foul Ball, location: 2F 0-2: Strikes out looking
|
| Top of the 4th over - 2 runs, 3 hits, 0 errors, 1 left on base; Boston (APP) 5 - Oakland (APP) 1 |
| BOTTOM OF THE 4TH |
|
Oakland (APP) Athletics batting - Pitching for Boston (APP) Red Sox : RHP Jim Horwood
|
|
Batting: RHB Pete Goerge
|
0-0: Ball 1-0: Foul Ball, location: 2F 1-1: Fly out, F3 (Popup, 23F, EV 87.5 MPH)
|
|
Batting: LHB Ben Landry
|
0-0: Swinging Strike 0-1: Ball 1-1: Fly out, F7 (Flyball, 78XD, EV 101.2 MPH)
|
|
Batting: SHB Raul Herrera
|
0-0: SINGLE (Groundball, 6M, EV 101.2 MPH) (infield hit)
|
|
Batting: LHB Diego Vega
|
0-0: Ball 1-0: Foul Ball, location: 2F 1-1: Ball 2-1: Foul Ball, location: 2F 2-2: Ball 3-2: Fly out, F7 (Flyball, 7D, EV 93.1 MPH)
|
| Bottom of the 4th over - 0 runs, 1 hit, 0 errors, 1 left on base; Boston (APP) 5 - Oakland (APP) 1 |
| TOP OF THE 5TH |
|
Boston (APP) Red Sox batting - Pitching for Oakland (APP) Athletics : RHP Quincy Potvin
|
|
Batting: SHB Jose Santiago
|
0-0: Ball 1-0: Ball 2-0: Ground out 6-3 (Groundball, 6, EV 88.8 MPH)
|
|
Batting: RHB Wayne Whimster
|
0-0: Called Strike 0-1: Foul Ball, location: 2F 0-2: Strikes out swinging
|
|
Batting: RHB Ryan Davis
|
0-0: Swinging Strike 0-1: Called Strike 0-2: Ball 1-2: Ball 2-2: Strikes out swinging
|
| Top of the 5th over - 0 runs, 0 hits, 0 errors, 0 left on base; Boston (APP) 5 - Oakland (APP) 1 |
| BOTTOM OF THE 5TH |
|
Oakland (APP) Athletics batting - Pitching for Boston (APP) Red Sox : RHP Jim Horwood
|
|
Batting: LHB Bryan Hodensack
|
0-0: Ball 1-0: Ball 2-0: Ball 3-0: Base on Balls
|
|
Batting: RHB Dave Villarreal
|
0-0: Fly out, F8 (Flyball, 8RD, EV 88.1 MPH)
|
|
Batting: RHB Nathaniel Adderley
|
0-0: Ball 1-0: Foul Ball, location: 2F 1-1: Swinging Strike 1-2: Foul Ball, location: 2F 1-2: DOUBLE (Flyball, 89D, EV 108.1 MPH) Bryan Hodensack to third
|
|
Batting: RHB Gabe Secundino
|
0-0: Called Strike 0-1: Fly out, F9 (Flyball, 9LS, EV 78.8 MPH)
|
|
Batting: RHB Phoctor Dill
|
0-0: Fly out, F7 (Line Drive, 7LM, EV 95.6 MPH)
|
| Bottom of the 5th over - 0 runs, 1 hit, 0 errors, 2 left on base; Boston (APP) 5 - Oakland (APP) 1 |
| TOP OF THE 6TH |
|
Boston (APP) Red Sox batting - Pitching for Oakland (APP) Athletics : RHP Quincy Potvin
|
|
Batting: LHB Kenny Jackson
|
0-0: Ball 1-0: Called Strike 1-1: Called Strike 1-2: Foul Ball, location: 2F 1-2: Ball 2-2: Strikes out swinging
|
|
Batting: RHB Luis Nino
|
0-0: SINGLE (Line Drive, 9S, EV 90.6 MPH)
|
|
Pitching: LHP Josh Bologna
|
|
|
Batting: RHB Panam Palmer
|
0-0: Called Strike 0-1: Foul Ball, location: 2F 0-2: Strikes out swinging
|
|
Batting: RHB Kirk Cully
|
0-0: Ball 1-0: Foul Ball, location: 2F 1-1: Ball 2-1: Ground out 2-3 (Groundball, 2R, EV 68.8 MPH)
|
| Top of the 6th over - 0 runs, 1 hit, 0 errors, 1 left on base; Boston (APP) 5 - Oakland (APP) 1 |
| BOTTOM OF THE 6TH |
|
Oakland (APP) Athletics batting - Pitching for Boston (APP) Red Sox : RHP Jim Horwood
|
|
Batting: RHB Pete Goerge
|
0-0: Foul Ball, location: 2F 0-1: Ball 1-1: Foul Ball, location: 2F 1-2: SINGLE (Line Drive, 8RS, EV 103.1 MPH)
|
|
Batting: LHB Ben Landry
|
0-0: Ball 1-0: Called Strike 1-1: Swinging Strike 1-2: Strikes out swinging
|
|
Batting: SHB Raul Herrera
|
0-0: Ball 1-0: Ball 2-0: Fly out, F9 (Flyball, 9, EV 87.5 MPH)
|
|
Batting: LHB Diego Vega
|
0-0: Ball 1-0: Ball Wild Pitch! Pete Goerge to second 2-0: Ground out U3 (Groundball, 3, EV 106.9 MPH)
|
| Bottom of the 6th over - 0 runs, 1 hit, 0 errors, 1 left on base; Boston (APP) 5 - Oakland (APP) 1 |
| TOP OF THE 7TH |
|
Boston (APP) Red Sox batting - Pitching for Oakland (APP) Athletics : LHP Josh Bologna
|
|
Batting: RHB Estevan Carrillo
|
0-0: Ball 1-0: Ball 2-0: Called Strike 2-1: Foul Ball, location: 2F 2-2: Strikes out swinging
|
|
Batting: SHB Arihito Hiramoto
|
0-0: Ball 1-0: Called Strike 1-1: Ball 2-1: Ball 3-1: SINGLE (Groundball, 34D, EV 105.0 MPH)
|
|
Batting: SHB Jose Santiago
|
0-0: Grounds into double play, 6-4-3 (Groundball, 6, EV 100.6 MPH)
|
| Top of the 7th over - 0 runs, 1 hit, 0 errors, 0 left on base; Boston (APP) 5 - Oakland (APP) 1 |
| BOTTOM OF THE 7TH |
|
Oakland (APP) Athletics batting - Pitching for Boston (APP) Red Sox : RHP Jim Horwood
|
|
Batting: LHB Bryan Hodensack
|
0-0: Foul Ball, location: 2F 0-1: Ball 1-1: Foul Ball, location: 2F 1-2: Ball 2-2: Strikes out swinging
|
|
Batting: RHB Dave Villarreal
|
0-0: Ground out U3 (Groundball, 34, EV 100.6 MPH)
|
|
Batting: RHB Nathaniel Adderley
|
0-0: Fly out, F3 (Popup, 34S, EV 72.5 MPH)
|
| Bottom of the 7th over - 0 runs, 0 hits, 0 errors, 0 left on base; Boston (APP) 5 - Oakland (APP) 1 |
| TOP OF THE 8TH |
|
Boston (APP) Red Sox batting - Pitching for Oakland (APP) Athletics : LHP Josh Bologna
|
|
Batting: RHB Wayne Whimster
|
0-0: Foul Ball, location: 2F 0-1: Ball 1-1: Foul Ball, location: 2F 1-2: Ball 2-2: Ball 3-2: Fly out, F8 (Line Drive, 8LD, EV 96.2 MPH)
|
|
Batting: RHB Ryan Davis
|
0-0: Ball 1-0: Foul Ball, location: 2F 1-1: Swinging Strike 1-2: Strikes out swinging
|
|
Batting: LHB Kenny Jackson
|
0-0: Ball 1-0: Ball 2-0: Foul Ball, location: 2F 2-1: Foul Ball, location: 2F 2-2: Strikes out swinging
|
| Top of the 8th over - 0 runs, 0 hits, 0 errors, 0 left on base; Boston (APP) 5 - Oakland (APP) 1 |
| BOTTOM OF THE 8TH |
|
Oakland (APP) Athletics batting - Pitching for Boston (APP) Red Sox : RHP Jim Horwood
|
|
Batting: RHB Gabe Secundino
|
0-0: Ball 1-0: Called Strike 1-1: Ball 2-1: Swinging Strike 2-2: Strikes out swinging
|
|
Pitching: RHP Cedric Tyler
|
|
|
Batting: RHB Phoctor Dill
|
0-0: Ground out 4-3 (Groundball, 4, EV 79.4 MPH)
|
|
Batting: RHB Pete Goerge
|
0-0: Swinging Strike 0-1: Ground out U3 (Groundball, 3L, EV 103.8 MPH)
|
| Bottom of the 8th over - 0 runs, 0 hits, 0 errors, 0 left on base; Boston (APP) 5 - Oakland (APP) 1 |
| TOP OF THE 9TH |
|
Boston (APP) Red Sox batting - Pitching for Oakland (APP) Athletics : LHP Josh Bologna
|
|
Batting: RHB Luis Nino
|
0-0: Ball 1-0: Ball 2-0: Called Strike 2-1: Foul Ball, location: 2F 2-2: Ball 3-2: Base on Balls
|
|
Pitching: RHP Andy Teague
|
|
|
Batting: RHB Panam Palmer
|
0-0: DOUBLE (Flyball, 78D, EV 103.1 MPH) Luis Nino to third
|
|
Batting: RHB Kirk Cully
|
0-0: Called Strike 0-1: SINGLE (Groundball, 6D, EV 105.6 MPH) Luis Nino scores Panam Palmer to third
|
|
Batting: RHB Estevan Carrillo
|
0-0: Ball Wild Pitch! Panam Palmer scores Kirk Cully to second 1-0: Called Strike 1-1: Reached on error, E3 (Groundball, 34, EV 101.9 MPH) Kirk Cully to third
|
|
Batting: SHB Arihito Hiramoto
|
0-0: Ball 1-0: Called Strike 1-1: Foul Ball, location: 2F 1-2: Fly out, F7 (Flyball, 7LMF, EV 84.4 MPH) Runner from 3rd tags up, SCORES, no throw by LF
|
|
Batting: SHB Jose Santiago
|
0-0: Ball 1-0: Called Strike 1-1: Ball 2-1: Swinging Strike 2-2: Strikes out looking
|
|
Batting: RHB Wayne Whimster
|
0-0: Called Strike 0-1: Ball 1-1: Foul Ball, location: 2F 1-2: Foul Ball, location: 2F 1-2: Strikes out swinging
|
| Top of the 9th over - 3 runs, 2 hits, 1 error, 1 left on base; Boston (APP) 8 - Oakland (APP) 1 |
| BOTTOM OF THE 9TH |
|
Oakland (APP) Athletics batting - Pitching for Boston (APP) Red Sox : RHP Cedric Tyler
|
|
Pinch Hitting: RHB Jeff Goodrum
|
0-0: Ball 1-0: Called Strike 1-1: Swinging Strike 1-2: Strikes out swinging
|
|
Pinch Hitting: RHB Matt Aston
|
0-0: Foul Ball, location: 2F 0-1: Ground out 4-3 (Groundball, 34, EV 103.1 MPH)
|
|
Pinch Hitting: RHB Dave Connolly
|
0-0: Swinging Strike 0-1: Swinging Strike 0-2: Ball 1-2: Strikes out swinging
|
| Bottom of the 9th over - 0 runs, 0 hits, 0 errors, 0 left on base; Boston (APP) 8 - Oakland (APP) 1 |
|